 Dungeon Sprint DCSS version 0.27-a0-291-gd9602db6ee (webtiles) character file.

Game seed: 12107411690492786900

22 HendSelp the Insei (level 2, -3/18 HPs)
             Began as an Octopode Transmuter on Feb 9, 2021.
             Was the Champion of Jiyva.
             Slain by a river rat (7 damage)
             ... in the Dungeon (Sprint VII: "The Pits").
             The game lasted 00:00:51 (178 turns).

HendSelp the Insei (Octopode Transmuter)             Turns: 178, Time: 00:00:52

Health: -3/18      AC:  1    Str:  9    XL:     2   Next: 91%
Magic:  5/5        EV: 14    Int: 16    God:    Jiyva [******]
Gold:   0          SH:  0    Dex: 13    Spells: 5/6 levels left

rFire    . . .     SeeInvis .     - Unarmed
rCold    . . .     Faith    .   (no shield)
rNeg     . . .     Spirit   .   (helmet currently unavailable)
rPois    .         Reflect  .   (no amulet)
rElec    .         Harm     .   (no ring)
rCorr    +         Rampage  .   (no ring)
Will     .....     NoTele   +   (no ring)
Stlth    ++........             (no ring)
HPRegen  0.06/turn              (no ring)
MPRegen  0.09/turn              (no ring)
                                (no ring)
                                (no ring)

@: appendages
A: almost no armour, stealthy swim, amphibious, 8 rings, constrict 8, antennae
1, tentacle spike 3, camouflage 1, clever 1, acidic bite, gelatinous body 1
a: End Transformation, Renounce Religion, Request Jelly, Slimify, Cure Bad
Mutation


You were in the Dungeon.
You worshipped Jiyva.
Jiyva was exalted by your worship.
One of your tentacles had a temporary spike.
You visited 1 branch

Inventory:

Scrolls
 g - a scroll of blinking
 h - 3 scrolls of remove curse
 i - 5 scrolls of amnesia
 j - a scroll of summoning
Potions
 a - 2 potions of invisibility
 b - a potion of curing
 c - a potion of heal wounds
 d - a potion of haste
 e - 4 potions of magic
 f - 3 potions of berserk rage


   Skills:
 + Level 1.4 Fighting
 + Level 2.7 Dodging
 + Level 0.1 Stealth
 + Level 4.6 Unarmed Combat
 + Level 2.9 Spellcasting
 + Level 3.1 Transmutations


You had 5 spell levels left.
You knew the following spells:

 Your Spells              Type           Power        Failure   Level
a - Beastly Appendage     Tmut           24%          5%          1

Your spell library contained the following spells:

 Spells                   Type           Power        Failure   Level
 Wereblood                Tmut           12%          8%          2
 Spider Form              Tmut/Pois      3%           30%         3
 Ice Form                 Ice/Tmut       7%           69%         4
 Blade Hands              Tmut           6%           82%         5


Dungeon Overview and Level Annotations

Branches:
Dungeon (1/1)

Altars:
Ashenzari
Cheibriados
Dithmenos
Elyvilon
Fedhas
Gozag
Hepliaklqana
Kikubaaqudgha
Makhleb
Nemelex Xobeh
Okawaru
Qazlal
Ru
Sif Muna
Trog
Uskayaw
Vehumet
Wu Jian
Xom
Yredelemnul
Zin
The Shining One
Beogh
Jiyva
Lugonu


Innate Abilities, Weirdness & Mutations

You cannot wear most types of armour.
You are very stealthy in the water. (Stealth+)
You are amphibious.
You can wear up to eight rings at the same time.
You can use your tentacles to constrict eight enemies at once.
Your skin changes colour to match your surroundings (Stealth+).
Your rubbery body absorbs attacks. (AC +1, EV +1)
You have a pair of small antennae on your head.
One of your tentacles bears a large vicious spike.
Your mind is acute. (Int +2)
You have acidic saliva.


Message History

The river rat bites you!
Ouch! That really hurt!
* * * LOW HITPOINT WARNING * * *
You shudder from the blow and a flood of jellies pours out from you!
The bat skeleton misses you.
You tentacle-slap the river rat.
You squeeze the river rat, but do no damage.
The river rat is heavily wounded.
You constrict the river rat. The bat skeleton closely misses you.
The bat barely misses you. The bat skeleton hits you.
* * * LOW HITPOINT WARNING * * *
The river rat closely misses you.
Your death ooze hits the bat!
The bat dies!
You swap places.
You release your grip on the river rat.
The bat skeleton hits your death ooze. x2
The bat skeleton completely misses your death ooze.
Your death ooze hits the bat skeleton!
The bat skeleton is destroyed!
The river rat bites you!
You die...

##########'##........
#.?(.')J.'.##......#.
##########.##........
#...........)........
#+#####'#####......#.
#...#.# #........
#...#.# ####'####
#.J.'.# #.......#
##@#### #.......#
#.Jr..# #.......#
#..J..# #...<...#
#........##.......#
#........##.......#
###########.......#
#########


You could see a river rat, a neutral jelly (wandering) (fellow slime) and 2
friendly death oozes.

Vanquished Creatures
  2 adders (D)
  A ball python (D)
  A goblin (D)
  A frilled lizard (D)
5 creatures vanquished.

Vanquished Creatures (collateral kills)
  A bat skeleton (D)
  A bat (D)
2 creatures vanquished.

Vanquished Creatures (others)
  A death ooze (D)
  A great orb of eyes (D)
  A deep elf zephyrmancer (D)
  An eye of devastation (D)
  A water nymph (shapeshifter) (D)
  A tarantella (D)
  A redback (D)
  A golden eye (D)
  2 floating eyes (D)
  A jelly (D)
  2 oozes (D)
  A hobgoblin (D)
14 creatures vanquished.

Grand Total: 21 creatures vanquished

Notes
Turn   | Place    | Note
-------+----------+-------------------------------------------
     0 | D        | HendSelp the Octopode Transmuter began the quest for the
                  | Orb.
     0 | D        | Reached XP level 1. HP: 13/13 MP: 3/3
    19 | D        | Found a bloodstained altar of Trog.
    19 | D        | Found a shimmering blue altar of Sif Muna.
    19 | D        | Found a viscous altar of Jiyva.
    19 | D        | Found a hazy altar of Hepliaklqana.
    19 | D        | Found an opulent altar of Gozag.
    42 | D        | Found a glowing golden altar of the Shining One.
    42 | D        | Found a glowing silver altar of Zin.
    42 | D        | Found a basalt altar of Yredelemnul.
    42 | D        | Found a shimmering altar of Xom.
    42 | D        | Found an ornate altar of the Wu Jian Council.
    42 | D        | Found a sacrificial altar of Ru.
    42 | D        | Found a stormy altar of Qazlal.
    42 | D        | Found an iron altar of Okawaru.
    42 | D        | Found a sparkling altar of Nemelex Xobeh.
    42 | D        | Found a burning altar of Makhleb.
    42 | D        | Found a blossoming altar of Fedhas.
    42 | D        | Found a white marble altar of Elyvilon.
    42 | D        | Found a shadowy altar of Dithmenos.
    42 | D        | Found a snail-covered altar of Cheibriados.
    44 | D        | Found a radiant altar of Vehumet.
    44 | D        | Found a corrupted altar of Lugonu.
    44 | D        | Found a roughly hewn altar of Beogh.
    46 | D        | Found an ancient bone altar of Kikubaaqudgha.
    46 | D        | Found a hide-covered altar of Uskayaw.
    46 | D        | Found a broken altar of Ashenzari.
    49 | D        | Became a worshipper of Jiyva Jasheif the Shapeless
    52 | D        | Killed a redback
    52 | D        | Killed a great orb of eyes
    53 | D        | Reached * piety under Jiyva
    54 | D        | Killed a tarantella
    57 | D        | Killed a floating eye
    60 | D        | Killed a death ooze
    62 | D        | Killed a deep elf zephyrmancer
    65 | D        | Killed an eye of devastation
    73 | D        | Reached ** piety under Jiyva
    74 | D        | Reached *** piety under Jiyva
    74 | D        | Gained mutation: Your body has grown golden eyes which may
                  | confuse attackers. (Acc +3) [Jiyva's grace]
    74 | D        | Reached **** piety under Jiyva
    77 | D        | Reached ***** piety under Jiyva
    77 | D        | Gained mutation: Your mind is acute. (Int +2) [Jiyva's
                  | grace]
    82 | D        | Killed a golden eye
    83 | D        | Gained mutation: You have a pair of small antennae on your
                  | head. [Jiyva's grace]
    83 | D        | Lost mutation: Your body has grown golden eyes which may
                  | confuse attackers. (Acc +3) [Jiyva's grace]
    84 | D        | Killed a water nymph
    91 | D        | Reached skill level 4 in Unarmed Combat
    91 | D        | Reached XP level 2. HP: 18/18 MP: 3/5
    94 | D        | Killed a floating eye
    97 | D        | Reached ****** piety under Jiyva
   123 | D        | Gained mutation: You have acidic saliva. [Jiyva's grace]
   178 | D        | Slain by a river rat

Illustrated notes

Levels and vault maps discovered:
D:        pitsprint [storerooms_1, entrance_room_1, metal_vault_4, armoury_1,
          mini_pit_1, grid_room_1, main_hall_1, silver_pit, the_coven_1,
          the_vestibule_1, steel_vault_4, golden_pit, hallway_of_sentries,
          crystal_vault_2, iron_vault_1, final_vault]

Skill      XL: |  1  2 |
---------------+-------+-----
Unarmed Combat | 4 |  4.6
Transmutations | 3 |  3.1
Fighting       | |  1.4
Dodging        | |  2.7
Stealth        | |  0.1
Spellcasting   | |  2.9

Action                   || total
-------------------------++-------
Melee: Unarmed           ||    20
       Constrict         ||     4
       Tentacles         ||     3
       Bite              ||     1
 Cast: Beastly Appendage ||     3
 Stab: Sleeping          ||     1
Armor: Skin              ||     4
Dodge: Dodged            ||    34

Table legend: (Time is in decaauts)
 A = Elapsed time spent in this place.
 B = Non-inter-level travel time spent in this place.
 C = Inter-level travel time spent in this place.
 D = Time resting spent in this place.
 E = Time spent auto-exploring this place.
 F = Levels seen in this place.
 G = Mean time per level.
                   A        B        C        D        E       F      G
               +--------+--------+--------+--------+--------+-----+--------+
         Total |    176 |    176 |      0 |     59 |      0 |   1 |  176.0 |
       Dungeon |    176 |    176 |      0 |     59 |      0 |   1 |  176.0 |
               +--------+--------+--------+--------+--------+-----+--------+

Top non-repeatable levels by time:
       D: 176 daAuts
